 Dungeon Crawl Stone Soup version 0.21.1-1-g345015f (webtiles) character file.

572 jerryfan the Bolt Thrower (level 7, -5/56 HPs)
             Began as a Gnoll Wanderer on May 21, 2018.
             Slain by Duvessa
             ... wielding a +0 short sword
              (19 damage)
             ... on level 5 of the Dungeon.
             The game lasted 00:18:59 (4652 turns).

jerryfan the Bolt Thrower (Gnoll Wanderer)          Turns: 4652, Time: 00:19:00

Health: -5/56      AC:  8    Str: 17    XL:     7   Next: 34%
Magic:  19/19      EV: 13    Int: 17    God:
Gold:   238        SH:  0    Dex: 11    Spells: 6/10 levels left

rFire    + . .     SeeInvis .   b - +4 quarterstaff (chaos)
rCold    + + .     Gourm    .   (shield currently unavailable)
rNeg     . . .     Faith    .   y - +0 robe {rC+}
rPois    +         Spirit   .   u - +0 helmet
rElec    +         Reflect  .   j - +2 cloak {MR+}
rCorr    +         Harm     .   (no gloves)
MR       +....                  e - +1 pair of boots
Stlth    ++........             (no amulet)
HPRegen  0.18/turn              o - ring of magical power
MPRegen  0.16/turn              r - ring of wizardry

@: resistant
A: distributed training, fangs 1, strong nose
a: no special abilities


You were on level 5 of the Dungeon.
You were not hungry.

You visited 1 branch of the dungeon, and saw 5 of its levels.

You collected 238 gold pieces.

Inventory:

Hand Weapons
 a - a +2 spear
 b - a +4 quarterstaff of chaos (weapon)
 k - a +1 mace of holy wrath
 p - a +0 blowgun
 q - a +1 mace of protection
Missiles
 v - 19 poisoned needles
Armour
 d - a +0 robe
 e - a +1 pair of boots (worn)
 j - a +2 cloak of magic resistance (worn)
 u - a +0 helmet (worn)
 y - a +0 robe of cold resistance (worn)
Jewellery
 h - an uncursed ring of see invisible {unknown}
 o - a ring of magical power (left hand)
 r - a ring of wizardry (right hand)
 x - a cursed ring of loudness
Scrolls
 c - 3 scrolls of teleportation
 g - a scroll of remove curse
 i - 3 scrolls of enchant armour
 m - a scroll of magic mapping
 w - 2 scrolls of identify
Potions
 l - 2 potions of curing
 s - a potion of berserk rage {unknown}
 t - 2 potions of resistance
 z - a potion of agility
Books
 n - a book of Minor Magic

   Spells                             Type                      Level
   a - Magic Dart                     Conjuration                  1
   b - Blink                          Translocation                2
   c - Call Imp                       Summoning                    2
   d - Slow                           Hexes                        2
   e - Conjure Flame                  Conjuration/Fire             3
   f - Mephitic Cloud                 Conjuration/Poison/Air       3
Comestibles
 f - 6 rations
 A - 2 chunks of flesh


   Skills:
 + Level 5.2 Fighting
 + Level 2.3 Short Blades
 + Level 2.3 Long Blades
 + Level 2.3 Axes
 + Level 2.3 Maces & Flails
 + Level 5.2 Polearms
 + Level 2.3 Staves
 + Level 2.3 Slings
 + Level 2.3 Bows
 + Level 5.2 Crossbows
 + Level 2.3 Throwing
 + Level 3.5 Armour
 + Level 3.5 Dodging
 + Level 2.3 Stealth
 + Level 3.5 Shields
 + Level 2.3 Unarmed Combat
 + Level 2.3 Spellcasting
 + Level 1.9 Conjurations
 + Level 1.9 Hexes
 + Level 1.9 Charms
 + Level 1.9 Summonings
 + Level 1.9 Necromancy
 + Level 1.9 Translocations
 + Level 1.9 Transmutations
 + Level 1.9 Fire Magic
 + Level 1.9 Ice Magic
 + Level 1.9 Air Magic
 + Level 1.9 Earth Magic
 + Level 1.9 Poison Magic
 + Level 2.6 Invocations
 + Level 3.5 Evocations


You had 6 spell levels left.
You knew the following spells:

 Your Spells              Type           Power        Failure   Level  Hunger
a - Magic Dart            Conj           #...         3%          1    #......
b - Mephitic Cloud        Conj/Pois/Air  #.......     11%         3    ###....


Dungeon Overview and Level Annotations

Branches:
Dungeon (5/15)
 Temple: D:4-7

Altars:
Ashenzari
Nemelex Xobeh
Qazlal

Annotations:
D:4 Vault
D:5 Duvessa


Innate Abilities, Weirdness & Mutations

Your experience applies equally to all skills.
You have very sharp teeth.
Your uncanny sense of smell can sniff out nearby items.


Message History

Duvessa hits you but does no damage.
You hit Duvessa but do no damage. Your bite misses Duvessa.
Duvessa is lightly wounded.
Duvessa hits you but does no damage. Duvessa barely misses you.
You barely miss Duvessa.
Duvessa is lightly wounded.
Duvessa hits you with a short sword! Duvessa barely misses you.
You sock Duvessa!
Duvessa flickers and vanishes!
Deactivating autopickup; reactivate with Ctrl-A.
Something hits you! Something hits you but does no damage.
You closely miss something. Something hits you. x2
You closely miss something. Something hits you!!
* * * LOW HITPOINT WARNING * * *
It was a potion of curing.
You feel better. Something hits you but does no damage. Something hits you.
* * * LOW HITPOINT WARNING * * *
You closely miss something. Something hits you.
* * * LOW HITPOINT WARNING * * *
Something hits you!!
You die...

............................>#.#
#######.............#........#.#
#....######..........#.#.#
#..#.########.#.######.#.#
#..#.#...................#
#..#...######)#.######.###
#..#...#..(...#.# ###.####
#######..#...#.#.##.#.# #.......
.........#...#..@{....# #.......
########)#.#.######.######.......
#.....#.#...........+.......
#.....#....###.######.......
#.....#..........# #.......
#.....#.....##.#.# #....... ∆
#.....#.....#..#.####.......
#.....#...#.................
......#...####.#.####.......


There were no monsters in sight!

Vanquished Creatures
  A phantom (D:5)
  An ogre (D:4)
  Blork the orc (D:4)
  Dowan (D:5)
  A crimson imp (D:5)
  Crazy Yiuf (D:2)
  Natasha (thrice) (D:2)
  Robin (D:4)
  2 adders
  A shadow imp (D:5)
  3 oozes
  A worm (D:2)
  4 dart slugs
  2 leopard geckos (D:2)
  2 orcs
  2 ball pythons
  7 giant cockroaches
  20 goblins
  8 hobgoblins
  4 jackals (D:3)
  2 quokkas (D:2)
  2 bats
  5 frilled lizards
  3 kobolds
  10 rats
88 creatures vanquished.

Notes
Turn   | Place    | Note
-------+----------+-------------------------------------------
     0 | D:1      | jerryfan the Gnoll Wanderer began the quest for the Orb.
     0 | D:1      | jerryfan set off with: a +2 spear, a potion of lignification, a scroll of teleportation, a +0 robe, a ration
     0 | D:1      | Reached XP level 1. HP: 20/20 MP: 2/2
    62 | D:1      | Reached XP level 2. HP: 20/26 MP: 3/3
   411 | D:1      | Reached XP level 3. HP: 31/31 MP: 4/4
   797 | D:2      | Reached skill level 1 in Invocations
   929 | D:2      | Noticed Natasha
   941 | D:2      | Killed Natasha
   941 | D:2      | Reached skill level 1 in Short Blades
   941 | D:2      | Reached skill level 1 in Long Blades
   941 | D:2      | Reached skill level 1 in Axes
   941 | D:2      | Reached skill level 1 in Maces & Flails
   941 | D:2      | Reached skill level 1 in Staves
   941 | D:2      | Reached skill level 1 in Slings
   941 | D:2      | Reached skill level 1 in Bows
   941 | D:2      | Reached skill level 1 in Throwing
   941 | D:2      | Reached skill level 1 in Stealth
   941 | D:2      | Reached skill level 1 in Unarmed Combat
   941 | D:2      | Reached skill level 1 in Spellcasting
   941 | D:2      | Reached XP level 4. HP: 15/38 MP: 4/6
  1153 | D:2      | Found a sparkling altar of Nemelex Xobeh.
  1172 | D:2      | Noticed Natasha
  1179 | D:2      | Killed Natasha
  1179 | D:2      | Reached skill level 1 in Conjurations
  1179 | D:2      | Reached skill level 1 in Hexes
  1179 | D:2      | Reached skill level 1 in Charms
  1179 | D:2      | Reached skill level 1 in Summonings
  1179 | D:2      | Reached skill level 1 in Necromancy
  1179 | D:2      | Reached skill level 1 in Translocations
  1179 | D:2      | Reached skill level 1 in Transmutations
  1179 | D:2      | Reached skill level 1 in Fire Magic
  1179 | D:2      | Reached skill level 1 in Ice Magic
  1179 | D:2      | Reached skill level 1 in Air Magic
  1179 | D:2      | Reached skill level 1 in Earth Magic
  1179 | D:2      | Reached skill level 1 in Poison Magic
  1183 | D:2      | Noticed Natasha
  1202 | D:2      | Killed Natasha
  1202 | D:2      | Reached XP level 5. HP: 14/43 MP: 7/7
  1866 | D:2      | Found a runed door.
  1870 | D:2      | Noticed Crazy Yiuf
  1882 | D:2      | Killed Crazy Yiuf
  2543 | D:3      | Learned a level 1 spell: Magic Dart
  2969 | D:3      | Found a stormy altar of Qazlal.
  3253 | D:3      | Learned a level 3 spell: Mephitic Cloud
  3273 | D:4      | Noticed a wyvern
  3274 | D:4      | Found a shattered altar of Ashenzari.
  3278 | D:4      | Noticed a yak
  3279 | D:4      | Found a transporter.
  3291 | D:4      | Found a transporter.
  3299 | D:4      | Noticed Robin
  3310 | D:4      | Reached XP level 6. HP: 49/50 MP: 8/8
  3346 | D:4      | Killed Robin
  3469 | D:4      | Noticed Blork the orc
  3488 | D:4      | Killed Blork the orc
  3793 | D:4      | Reached skill level 5 in Fighting
  3793 | D:4      | Reached skill level 5 in Polearms
  3793 | D:4      | Reached skill level 5 in Crossbows
  4097 | D:5      | Entered Level 5 of the Dungeon
  4119 | D:5      | Noticed Duvessa
  4119 | D:5      | Noticed Dowan
  4142 | D:5      | Killed Dowan
  4142 | D:5      | Reached XP level 7. HP: 56/56 MP: 10/10
  4652 | D:5      | Slain by Duvessa

Skill      XL: |  1  2  3  4  5  6 |
---------------+-------------------+-----
Invocations    | 1 2 |  2.6
Short Blades   | 1 2 |  2.3
Long Blades    | 1 2 |  2.3
Axes           | 1 2 |  2.3
Maces & Flails | 1 2 |  2.3
Staves         | 1 2 |  2.3
Slings         | 1 2 |  2.3
Bows           | 1 2 |  2.3
Throwing       | 1 2 |  2.3
Stealth        | 1 2 |  2.3
Unarmed Combat | 1 2 |  2.3
Spellcasting   | 1 2 |  2.3
Conjurations   | 1 |  1.9
Hexes          | 1 |  1.9
Charms         | 1 |  1.9
Summonings     | 1 |  1.9
Necromancy     | 1 |  1.9
Translocations | 1 |  1.9
Transmutations | 1 |  1.9
Fire Magic     | 1 |  1.9
Ice Magic      | 1 |  1.9
Air Magic      | 1 |  1.9
Earth Magic    | 1 |  1.9
Poison Magic   | 1 |  1.9
Armour         | 3 |  3.5
Dodging        | 3 |  3.5
Shields        | 3 |  3.5
Evocations     | 3 |  3.5
Fighting       | 5 |  5.2
Polearms       | 5 |  5.2
Crossbows      | 5 |  5.2

Action                   |  1- 3 |  4- 6 |  7- 9 || total
-------------------------+-------+-------+-------++-------
Melee: Spear             |    85 |    74 |       ||   159
       Bite              |     1 |    14 |     1 ||    16
       Quarterstaff      |       |    80 |    31 ||   111
 Fire: Blowgun           |       |     4 |       ||     4
 Cast: Magic Dart        |       |     7 |     7 ||    14
       Mephitic Cloud    |       |     2 |       ||     2
  Use: Scroll            |       |     8 |     1 ||     9
       Potion            |       |     3 |     2 ||     5
 Stab: Sleeping          |     2 |     4 |     1 ||     7
       Paralysed         |       |     2 |       ||     2
       Confused          |       |     1 |       ||     1
  Eat: Chunk             |       |     6 |       ||     6
       Ration            |       |     2 |       ||     2
Armor: Robe              |     6 |    23 |    10 ||    39
       Skin              |       |     2 |       ||     2
Dodge: Dodged            |    27 |    77 |    17 ||   121
